 Dungeon Sprint DCSS version 0.20.1-1-g8b1a95d (console) character file.

1748 hilaritas the Grappler (level 8, -3/130 HPs)
             Began as a Troll Fighter on Sept 3, 2017.
             Was an Elder of Uskayaw.
             Killed from afar by an orc wizard (7 damage)
             ... with a magic dart
             ... in the Dungeon (Sprint III: "The Ten Rune Challenge").
             The game lasted 00:02:55 (495 turns).

hilaritas the Grappler (Troll Fighter)               Turns: 495, Time: 00:02:55

Health: -3/130     AC:  5    Str: 30    XL:     8   Next: 78%
Magic:  9/9        EV: 12    Int:  6    God:    Uskayaw [****..]
Gold:   50         SH: 12    Dex:  9    Spells: 6/7 levels left

rFire    . . .     SeeInvis .     - Unarmed
rCold    . . .     Gourm    +   b - +0 shield
rNeg     . . .     Faith    .   a - +0 robe
rPois    .         Spirit   .   (helmet restricted)
rElec    .         Reflect  .   (no cloak)
rCorr    .         Harm     .   (gloves unavailable)
MR       .....     NoTele   +   (boots unavailable)
Stlth    ..........             (no amulet)
Regen    0.8/turn               (no ring)
MPRegen  0.2/turn               (no ring)

@: berserking, liquid flames, glowing, very quick
A: unfitting armour, claws 3, fast metabolism 3, gourmand, regeneration 1,
shaggy fur 1, tough skin 2
a: Stomp, Line Pass, Renounce Religion


You were in the Dungeon.
You worshipped Uskayaw.
Uskayaw was noncommittal.
You were completely stuffed.

You visited 1 branch You collected 50 gold pieces.

Inventory:

Armour
 a - a +0 robe (worn)
 b - a +0 shield (worn)
Scrolls
 j - a scroll of blinking
 k - 5 scrolls of identify
 m - 2 scrolls of immolation {unknown}
 n - 2 scrolls of remove curse {unknown}
 q - a scroll of holy word {unknown}
Potions
 c - a potion of might
 e - 3 potions of curing
 f - a potion of heal wounds
 g - a potion of haste
 h - 2 potions of magic
 l - 3 potions of mutation {unknown}
 p - 4 potions of flight
Books
 s - a book of Misfortune

   Spells                             Type                      Level
   a - Confusing Touch                Hexes                        1
   b - Confuse                        Hexes                        3
   c - Gell's Gravitas                Translocation                3
   d - Petrify                        Transmutation/Earth          4
   e - Metabolic Englaciation         Hexes/Ice                    5
   f - Yara's Violent Unravelling     Hexes/Transmutation          5
Miscellaneous
 u - a crystal ball of energy
Comestibles
 d - 3 bread rations
 o - a fruit
 r - 2 chunks of flesh
 t - a royal jelly


   Skills:
 * Level 7.3 Fighting
 * Level 4.8 Armour
 + Level 5.7 Dodging
 - Level 0.5 Stealth
 - Level 9.3 Shields
 - Level 11.0 Unarmed Combat
 * Level 3.9 Invocations


You had 6 spell levels left.
You knew the following spells:

 Your Spells              Type           Power        Failure   Level  Hunger
a - Confusing Touch       Hex            #.....       45%         1    ##.....


Dungeon Overview and Level Annotations

Branches:
Dungeon (1/1)

Altars:
Cheibriados
Dithmenos
Elyvilon
Fedhas
Gozag
Hepliaklqana
Kikubaaqudgha
Makhleb
Nemelex Xobeh
Okawaru
Qazlal
Ru
Sif Muna
Trog
Uskayaw
Vehumet
Xom
Yredelemnul
Zin
The Shining One
Beogh
Jiyva
Lugonu

Shops:
D ?

Annotations:
D Snorg


Innate Abilities, Weirdness & Mutations

You are too large for most types of armour.
You have claws for hands.
Your metabolism is lightning-fast.
You like to eat raw meat.
Your natural rate of healing is unusually fast.
You are covered in fur. (AC +1)
You have very tough skin. (AC +2)


Message History

The smoke demon disappears in a puff of smoke!
Your Fighting skill increases to level 7!
Your Invocations skill increases to level 3!
You are covered in liquid flames!
* * * LOW HITPOINT WARNING * * *
The orc is no longer sharing its pain.
The orc warrior is no longer sharing its pain.
The orc is no longer sharing its pain.
The orc wizard is no longer sharing its pain.
The orc is no longer sharing its pain. x2
You completely miss the orc warrior.
You are covered in liquid flames!
* * * LOW HITPOINT WARNING * * *
The orc is no longer sharing its pain.
The orc wizard is no longer sharing its pain.
The orc is no longer sharing its pain. x2
The orc wizard is no longer sharing its pain.
The orc wizard gestures at you while chanting.
The magic dart hits you!
You die...

▓▓▓ ♣.############ #
♣.#___#___#__#######$#.
♣.#)..#._)#._#.oooo...$
♣.###'#'###)##ooooo4..∩
♣♣.#..........#{oo§.o..$
...'.⌠........#)@#
♣♣.#...######'#$##
...#.⌠.#__#...#'#####
...#...#__#...#.§≈§§+
...#)###__#...#.#§≈§#
...#)..#__#...'.#§§§#
...#___#__'...#.# T.#
▓▓▓▓▓▓▓▓▓▓▓▓▓▓▓▓▓ ▓▓▓


You could see an orc high priest, a chaos spawn, 2 orc warriors, 2 orc wizards
and 7 orcs.

Vanquished Creatures
  An orc sorcerer (D)
  A deep elf mage (D)
  A shadow (D)
  A spatial vortex (D)
  A necrophage (D)
  A water elemental (D)
  A scorpion (D)
  2 orc priests (D)
  A wizard (D)
  A jelly (D)
  Jessica (D)
  A necromancer (D)
  3 humans (D)
  A kobold demonologist (D)
  2 oozes (D)
  A bat (D)
20 creatures vanquished.

Vanquished Creatures (others)
  2 draconian scorchers (D)
  6 hellions (D)
  A yaktaur (D)
  3 plants (D)
12 creatures vanquished.

Grand Total: 32 creatures vanquished

Notes
Turn   | Place    | Note
-------+----------+-------------------------------------------
     0 | D        | hilaritas the Troll Fighter began the quest for the Orb.
     0 | D        | Reached XP level 1. HP: 22/22 MP: 0/0
    10 | D        | Reached XP level 2. HP: 29/29 MP: 1/1
    17 | D        | Noticed Jessica
    22 | D        | Killed Jessica
    22 | D        | Reached skill level 5 in Shields
    22 | D        | Reached XP level 3. HP: 19/36 MP: 2/2
    65 | D        | Killed a yaktaur
    87 | D        | Reached skill level 3 in Unarmed Combat
    88 | D        | Killed a hellion
   104 | D        | Killed a hellion
   104 | D        | Killed a hellion
   108 | D        | Noticed a scorpion
   119 | D        | Killed a scorpion
   119 | D        | Reached skill level 5 in Unarmed Combat
   119 | D        | Reached XP level 4. HP: 16/44 MP: 3/3
   127 | D        | Killed a hellion
   128 | D        | Killed a hellion
   134 | D        | HP: 2/44 [poisoned by a scorpion]
   139 | D        | HP: 2/44 [poisoned by a scorpion]
   154 | D        | Killed a hellion
   266 | D        | Noticed a water elemental
   271 | D        | Killed a water elemental
   271 | D        | Reached skill level 6 in Unarmed Combat
   271 | D        | Reached XP level 5. HP: 35/50 MP: 4/4
   283 | D        | Killed a white draconian scorcher
   299 | D        | Found a glowing silver altar of Zin.
   300 | D        | Found a glowing golden altar of the Shining One.
   300 | D        | Found a white marble altar of Elyvilon.
   300 | D        | Noticed a deep elf mage
   306 | D        | Noticed a red devil
   307 | D        | Killed a deep elf mage
   307 | D        | Reached skill level 11 in Unarmed Combat
   307 | D        | Reached XP level 6. HP: 53/59 MP: 5/5
   307 | D        | Reached XP level 7. HP: 60/66 MP: 6/6
   324 | D        | Found a radiant altar of Vehumet.
   324 | D        | Found a deep blue altar of Sif Muna.
   324 | D        | Found an ancient bone altar of Kikubaaqudgha.
   342 | D        | Learned a level 1 spell: Confusing Touch
   352 | D        | Found a roughly hewn altar of Beogh.
   352 | D        | Found an iron altar of Okawaru.
   352 | D        | Found a bloodstained altar of Trog.
   352 | D        | Found a hide-covered altar of Uskayaw.
   352 | D        | Noticed a human
   353 | D        | Noticed a human
   358 | D        | Killed a human
   362 | D        | Killed a human
   362 | D        | Reached skill level 5 in Fighting
   364 | D        | Became a worshipper of Uskayaw the Reveler
   387 | D        | Killed a white draconian scorcher
   408 | D        | Found a basalt altar of Yredelemnul.
   408 | D        | Found a shadowy altar of Dithmenos.
   408 | D        | Found a sacrificial altar of Ru.
   409 | D        | Reached * piety under Uskayaw
   412 | D        | Reached skill level 1 in Invocations
   412 | D        | Reached ** piety under Uskayaw
   429 | D        | Noticed a shadow
   431 | D        | Killed a shadow
   431 | D        | Reached XP level 8. HP: 83/83 MP: 6/8
   433 | D        | Reached *** piety under Uskayaw
   456 | D        | Found a blossoming altar of Fedhas.
   456 | D        | Found a stormy altar of Qazlal.
   456 | D        | Found a snail-covered altar of Cheibriados.
   456 | D        | Found a burning altar of Makhleb.
   456 | D        | Found a shimmering altar of Xom.
   457 | D        | Found a hazy altar of Hepliaklqana.
   457 | D        | Found an opulent altar of Gozag.
   457 | D        | Found a sparkling altar of Nemelex Xobeh.
   457 | D        | Found a corrupted altar of Lugonu.
   457 | D        | Found a viscous altar of Jiyva.
   479 | D        | Noticed Snorg
   480 | D        | Noticed an orc sorcerer
   481 | D        | Found Veif's Magic Scroll Emporium.
   481 | D        | Noticed an orc high priest
   482 | D        | Noticed an orange demon
   483 | D        | Noticed a rust devil
   484 | D        | Reached skill level 5 in Dodging
   490 | D        | Reached **** piety under Uskayaw
   491 | D        | Noticed a smoke demon
   494 | D        | Killed an orc sorcerer
   494 | D        | HP: 6/130 [burnt (1)]
   495 | D        | Killed from afar by an orc wizard

Skill      XL: |  1  2  3  4  5  6  7  8 |
---------------+-------------------------+-----
Shields        | 4 5 6 7 9 |  9.3
Unarmed Combat | 5 6 11 | 11.0
Fighting       | 5 7 |  7.3
Armour         | 3 4 |  4.8
Dodging        | 4 5 |  5.7
Invocations    | 2 3 |  3.9
Stealth        | |  0.5

Action                   |  1- 3 |  4- 6 |  7- 9 || total
-------------------------+-------+-------+-------++-------
Melee: Unarmed           |    29 |    10 |    39 ||    78
  Use: Potion            |       |       |     1 ||     1
 Stab: Paralysed         |       |       |     1 ||     1
       Sleeping          |       |       |     1 ||     1
  Eat: Chunk             |     6 |     2 |     2 ||    10
Armor: Robe              |     7 |       |    13 ||    20
Dodge: Dodged            |     7 |     2 |    13 ||    22
Block: Shield            |     6 |     4 |    11 ||    21
